 Dungeon Crawl Stone Soup version 0.30-a0-800-g7c54460 (webtiles) character file.

Game seed: 11859941228048776764

27059 Illumine the Grappler (level 13, -1/128 HPs)
             Began as a Troll Cinder Acolyte on Feb 20, 2023.
             Was a Follower of Ignis.
             Slain by a cane toad (9 damage)
             ... on level 4 of the Lair of Beasts.
             The game lasted 00:21:32 (12828 turns).

Illumine the Grappler (Troll Cinder Acolyte)       Turns: 12828, Time: 00:21:33

Health: -1/128     AC: 13    Str: 29    XL:     13   Next: 2%
Magic:  15/15      EV:  8    Int: 10    God:    Ignis [*.....]
Gold:   982        SH:  8    Dex:  5    Spells: 12/16 levels left

rFire   + . .      SeeInvis +      - Unarmed
rCold   . . .      Faith    .    E - +0 kite shield
rNeg    . . .      Spirit   .    I - +0 acid dragon scales
rPois   .          Reflect  .    (helmet restricted)
rElec   .          Harm     .    (no cloak)
rCorr   +          Rampage  .    (gloves unavailable)
Will    .....                    (boots unavailable) Stlth
                                 (no amulet)
HPRegen 1.21/turn                O - +4 ring of protection
MPRegen 0.14/turn                z - ring of see invisible

@: lethally poisoned (-1 -> -7)
A: large, unfitting armour, claws 3, regeneration 1, shaggy fur 1, tough skin 1
a: Renounce Religion, Fiery Armour, Foxfire Swarm, Rising Flame


You were on level 4 of the Lair of Beasts.
You worshipped Ignis.
Ignis was aware of your devotion.
You visited 2 branches of the dungeon, and saw 15 of its levels.

You collected 982 gold pieces.

Inventory:

Hand Weapons
 n - a +4 whip of electrocution
 J - a +4 scimitar of flaming
Missiles
 G - 28 poisoned darts
 K - 2 boomerangs
 N - 9 large rocks (quivered)
Armour
 E - a +0 kite shield (worn)
 F - +0 steam dragon scales
 I - +0 acid dragon scales (worn)
 S - the +2 robe "Rugosag" {rElec}
   (You found it on level 2 of the Lair of Beasts)

   rElec:     It insulates you from electricity.
Magical Staves
 k - a staff of cold
 s - a staff of death
Jewellery
 d - a ring of wizardry
 l - a ring of protection from fire
 y - a ring of fire
 z - a ring of see invisible (right claw)
 C - an amulet of faith
 O - a +4 ring of protection (left claw)
 T - a +5 ring of evasion
 V - a +4 ring of protection
Wands
 a - a wand of quicksilver (8)
 b - a wand of charming (22)
 r - a wand of flame (8)
 L - a wand of polymorph (2)
Scrolls
 e - 6 scrolls of teleportation
 i - a scroll of fear {unknown}
 j - a scroll of poison {unknown}
 m - 2 scrolls of fog {unknown}
 p - 3 scrolls of amnesia
 t - 2 scrolls of enchant weapon {unknown}
 u - a scroll of magic mapping
 w - a scroll of vulnerability
 x - 3 scrolls of immolation {unknown}
 A - 4 scrolls of enchant armour {unknown}
 B - a scroll of brand weapon {unknown}
 D - 2 scrolls of butterflies {unknown}
 Q - a scroll of torment {unknown}
 W - a scroll of silence {unknown}
Potions
 c - a potion of ambrosia {unknown}
 f - 2 potions of resistance {unknown}
 g - 3 potions of flight
 h - 8 potions of curing
 o - 3 potions of heal wounds
 q - 3 potions of berserk rage {unknown}
 v - 4 potions of mutation
 H - a potion of brilliance {unknown}
 M - a potion of invisibility {unknown}
 P - a potion of might {unknown}
 R - a potion of attraction {unknown}
 X - a potion of lignification {unknown}
Miscellaneous
 U - a phial of floods


   Skills:
 + Level 8.7 Fighting
 - Level 2.4 Long Blades
 + Level 4.7 Throwing
 + Level 5.4 Armour
 - Level 5.2 Dodging
 + Level 5.9 Shields
 * Level 13.8 Unarmed Combat
 - Level 2.0 Spellcasting
 + Level 3.4 Transmutations
 - Level 4.0 Fire Magic


You had 12 spell levels left.
You knew the following spells:

 Your Spells              Type           Power      Damage    Failure   Level
a - Scorch                Fire           18%        2d5       22%         2
b - Wereblood             Tmut           7%         N/A       28%         2

Your spell library contained the following spells:

 Spells                   Type           Power      Damage    Failure   Level
 Beastly Appendage        Tmut           14%        N/A       19%         1
 Passwall                 Tmut/Erth      3%         N/A       52%         2
 Magic Dart               Conj           4%         1d3       61%         1
 Sandblast                Erth           2%         2d4       61%         1
 Summon Small Mammal      Summ           4%         N/A       61%         1
 Ignite Poison            Fire/Tmut/Pois 5%         N/A       65%         3
 Call Imp                 Summ           1%         N/A       75%         2
 Sublimation of Blood     Necr           1%         N/A       75%         2
 Spider Form              Tmut/Pois      4%         N/A       75%         3
 Call Canine Familiar     Summ           1%         N/A       93%         3
 Frozen Ramparts          Ice            2%         1d1       93%         3
 Mephitic Cloud           Conj/Pois/Air  1%         N/A       93%         3
 Portal Projectile        Hex/Tloc       2%         N/A       93%         3
 Stone Arrow              Conj/Erth      2%         3d7       93%         3
 Summon Guardian Golem    Hex/Summ       1%         N/A       93%         3
 Tukima's Dance           Hex            1%         N/A       93%         3
 Ice Form                 Ice/Tmut       4%         N/A       98%         4
 Sticky Flame             Conj/Fire      5%         2d3       98%         4
 Blade Hands              Tmut           3%         N/A       99%         5
 Animate Armour           Summ/Erth      2%         N/A       100%        4
 Summon Ice Beast         Ice/Summ       1%         N/A       100%        4
 Summon Forest            Summ/Tloc      0%         N/A       100%        5
 Eringya's Noxious Bog    Tmut/Pois      2%         N/A       100%        6
 Iron Shot                Conj/Erth      0%         9d1       100%        6
 Summon Hydra             Summ           0%         N/A       100%        7
 Ignition                 Fire           4%         3d4       100%        8


Dungeon Overview and Level Annotations

Branches:
Dungeon (11/15)            Temple (0/1) D:7            Lair (4/5) D:10
  Swamp (0/4) Lair:2        Snake (0/4) Lair:2
  Slime: Lair:4-5       Orc: D:9-12

Altars:
Ashenzari
Cheibriados
Dithmenos
Elyvilon
Fedhas
Gozag
Makhleb
Qazlal
Trog
Uskayaw
Xom
Yredelemnul

Shops:
D:9 (

Annotations:
D:9 Amaemon
D:11 Fannar


Innate Abilities, Weirdness & Mutations

You are too large for most types of armour.
You have claws for hands.
Your natural rate of healing is unusually fast.
You are covered in fur. (AC +1)
You have tough skin. (AC +1)


Message History

The cane toad is moderately wounded.
The cane toad stings you.
You are poisoned.
The cane toad poisons you! The cane toad stings you.
You mangle the catoblepas!!
The catoblepas is moderately wounded.
You feel very sick. The cane toad barely misses you. The catoblepas gores you!!
You scratch the catoblepas.
The catoblepas is moderately wounded.
You feel very sick. The cane toad stings you.
You scratch the catoblepas but do no damage.
The catoblepas is moderately wounded.
You feel very sick.
The catoblepas gores you but does no damage.
The cane toad stings you but does no damage.
You mangle the catoblepas!!
The catoblepas is severely wounded.
You feel very sick. The catoblepas gores you!!
You completely miss the catoblepas.
The catoblepas is severely wounded.
You feel sick. The cane toad stings you.
You are more poisoned.
The cane toad poisons you!
The catoblepas breathes a plume of calcifying dust at you.
The blast of calcifying dust hits you but does no damage.
The cane toad stings you.
* * * LOW HITPOINT WARNING * * *
You feel very sick. The catoblepas gores you!!
* * * LOW HITPOINT WARNING * * *
The cane toad stings you but does no damage.
You scratch the catoblepas but do no damage.
The catoblepas is severely wounded.
* * * LOW HITPOINT WARNING * * *
You feel very sick. The cane toad stings you!
You die...

..#...~~~~~≈.....
..........~....#
. ##.........
..##.#.......#
...........#.#
....P.......#
............#
.......FY...##
.......@§....#
..$.....§....##
#.......§.....#
##......§....##
##.....§...##
###...§..##
#...<§...#
#........P#
#........##


You could see a catoblepas and a cane toad.

Vanquished Creatures
  2 two-headed ogres
  A hydra (Lair:2)
  Erica (D:8)
  A skyshark (Lair:2)
  An oklob plant (Lair:2)
  A manticore (Lair:3)
  A cyclops (D:10)
  5 elephants
  3 black mambas
  4 rime drakes
  2 cane toads
  7 komodo dragons
  Maggie (D:8)
  3 trolls (D:10)
  11 blink frogs
  2 polar bears (D:10)
  A hornet (D:7)
  18 yaks
  9 wyverns
  Grum (D:11)
  2 steam dragons
  7 basilisks (Lair:3)
  12 water moccasins
  4 orc warriors
  A black bear (D:5)
  6 ice beasts
  A sky beast (D:7)
  2 ogres
  4 centaurs
  16 wolves
  4 kobold brigands
  13 bullfrogs
  4 gnoll sergeants
  6 scorpions
  5 killer bees (D:8)
  7 howler monkeys
  6 electric eels
  A crimson imp (D:10)
  8 hounds
  Crazy Yiuf (D:6)
  3 jellies
  12 orc priests
  3 gnoll boudas (D:8)
  Jessica (D:2)
  2 iguanas (D:5)
  9 orc wizards
  11 hell rats (Lair:3)
  9 adders
  24 gnolls
  A shadow imp (D:7)
  A white imp (D:5)
  An ufetubus (D:6)
  40 orcs
  7 ball pythons
  5 endoplasms
  3 giant cockroaches (D:1)
  11 hobgoblins
  2 jackals (D:2)
  5 quokkas
  3 bats
  5 goblins
  30 kobolds
  8 rats
381 creatures vanquished.

Vanquished Creatures (others)
  A kobold (D:8)
  33 foxfires
  21 fungi
  49 plants
104 creatures vanquished.

Grand Total: 485 creatures vanquished

Notes
Turn   | Place    | Note
-------+----------+-------------------------------------------
     0 | D:1      | Illumine the Troll Cinder Acolyte began the quest for the
                  | Orb.
     0 | D:1      | Reached XP level 1. HP: 22/22 MP: 1/1
   307 | D:1      | Reached skill level 1 in Unarmed Combat
   399 | D:1      | Reached XP level 2. HP: 29/29 MP: 2/2
   579 | D:1      | Found a faded altar of an unknown god.
   819 | D:1      | Learned a level 2 spell: Scorch
  1143 | D:2      | Reached skill level 2 in Unarmed Combat
  1152 | D:2      | Noticed Jessica
  1159 | D:2      | Killed Jessica
  1160 | D:2      | Reached XP level 3. HP: 26/36 MP: 3/3
  1210 | D:2      | Found a bloodstained altar of Trog.
  1502 | D:3      | Noticed a fire elemental
  1503 | D:3      | Found a stormy altar of Qazlal.
  1506 | D:3      | Noticed an earth elemental
  1506 | D:3      | Noticed an air elemental
  1506 | D:3      | Noticed a water elemental
  1619 | D:3      | Reached skill level 3 in Unarmed Combat
  1619 | D:3      | Reached XP level 4. HP: 24/45 MP: 4/4
  1890 | D:3      | Reached XP level 5. HP: 28/53 MP: 5/5
  1895 | D:3      | Reached skill level 4 in Unarmed Combat
  1957 | D:3      | Found an opulent altar of Gozag.
  2495 | D:4      | Reached XP level 6. HP: 57/62 MP: 6/6
  2505 | D:4      | Found a shadowy altar of Dithmenos.
  2562 | D:4      | Noticed a +0 falchion
  2562 | D:4      | Noticed a +0 falchion
  2562 | D:4      | Noticed a +0 dagger
  2562 | D:4      | Noticed a +0 short sword
  2562 | D:4      | Noticed a +0 short sword
  2563 | D:4      | Noticed a +0 spear
  2563 | D:4      | Noticed a +0 spear
  2564 | D:4      | Found a hide-covered altar of Uskayaw.
  2565 | D:4      | Noticed a +0 dagger
  2769 | D:4      | Reached skill level 1 in Dodging
  2769 | D:4      | Reached skill level 5 in Unarmed Combat
  2862 | D:4      | Found a basalt altar of Yredelemnul.
  2974 | D:5      | Entered Level 5 of the Dungeon
  3024 | D:5      | Reached XP level 7. HP: 53/70 MP: 7/7
  3170 | D:5      | Found a snail-covered altar of Cheibriados.
  3217 | D:5      | Reached skill level 6 in Unarmed Combat
  3521 | D:5      | Found a broken altar of Ashenzari.
  3526 | D:5      | Saw a vision of the Swamp and the Snake Pit.
  3526 | D:5      | Noticed a black mamba
  3526 | D:5      | Noticed a black mamba
  3526 | D:5      | Noticed a tyrant leech
  3526 | D:5      | Noticed a four-headed hydra
  3526 | D:5      | Noticed a tyrant leech
  3526 | D:5      | Noticed a spriggan rider
  3526 | D:5      | Noticed a will-o-the-wisp
  3526 | D:5      | Noticed a goliath frog
  3526 | D:5      | Noticed a bunyip
  3526 | D:5      | Noticed a goliath frog
  3527 | D:5      | Noticed a mana viper
  3527 | D:5      | Noticed a vampire mosquito
  3528 | D:5      | Noticed a black mamba
  3528 | D:5      | Noticed a spriggan druid
  3689 | D:5      | Reached XP level 8. HP: 26/79 MP: 8/8
  3935 | D:5      | Reached skill level 7 in Unarmed Combat
  4031 | D:6      | Reached skill level 5 in Fighting
  4048 | D:6      | Reached skill level 8 in Unarmed Combat
  4381 | D:6      | Reached XP level 9. HP: 85/88 MP: 9/9
  4463 | D:6      | You fall into a shaft and drop 3 floors!
  4471 | D:8      | Noticed Maggie
  4568 | D:9      | Noticed a two-headed ogre
  4575 | D:9      | Killed a two-headed ogre
  4576 | D:9      | Reached skill level 9 in Unarmed Combat
  4808 | D:7      | Found a white marble altar of Elyvilon.
  4881 | D:7      | Found a staircase to the Ecumenical Temple.
  4901 | D:7      | Identified the +1 dagger "Goemeaj" {freeze, rF- Int+5}
  5077 | D:7      | Reached skill level 5 in Dodging
  5086 | D:7      | Reached skill level 10 in Unarmed Combat
  6166 | D:6      | Found a runed translucent door.
  6167 | D:6      | Noticed Crazy Yiuf
  6171 | D:6      | Killed Crazy Yiuf
  6398 | D:8      | Reached XP level 10. HP: 88/100 MP: 10/10
  6481 | D:8      | Killed Maggie
  6549 | D:8      | Reached skill level 1 in Shields
  6628 | D:8      | Reached skill level 1 in Armour
  6679 | D:8      | Noticed Erica
  6689 | D:8      | Killed Erica
  6819 | D:8      | Reached skill level 11 in Unarmed Combat
  7768 | D:9      | Found Uteivap's Weapon Shoppe.
  7838 | D:9      | Noticed Amaemon
  7839 | D:9      | Noticed an orange demon
  7898 | D:10     | Entered Level 10 of the Dungeon
  7992 | D:10     | Found a staircase to the Lair.
  8029 | D:10     | Reached XP level 11. HP: 89/109 MP: 13/13
  8143 | D:10     | Noticed a two-headed ogre
  8165 | D:10     | Killed a two-headed ogre
  8419 | D:10     | Found a shimmering altar of Xom.
  8420 | D:10     | Found a burning altar of Makhleb.
  8975 | D:11     | Noticed Grum
  8998 | D:10     | Reached skill level 12 in Unarmed Combat
  8999 | D:10     | Reached skill level 1 in Throwing
  9120 | D:11     | Killed Grum
  9151 | D:11     | Noticed Fannar
  9217 | Lair:1   | Entered Level 1 of the Lair of Beasts
  9623 | Lair:1   | Learned a level 2 spell: Wereblood
 10167 | Lair:1   | Reached skill level 1 in Transmutations
 10285 | Lair:2   | Reached XP level 12. HP: 88/119 MP: 14/14
 10345 | Lair:2   | Found a staircase to the Swamp.
 10481 | Lair:2   | Identified the +2 robe "Rugosag" {rElec}
 10682 | Lair:2   | Found a staircase to the Snake Pit.
 10706 | Lair:2   | Reached skill level 13 in Unarmed Combat
 10752 | Lair:2   | Reached skill level 5 in Shields
 11204 | Lair:2   | Noticed a six-headed hydra
 11214 | Lair:2   | Killed a five-headed hydra
 11732 | Lair:3   | Found a blossoming altar of Fedhas.
 11752 | Lair:3   | Reached skill level 5 in Armour
 12716 | Lair:4   | Reached XP level 13. HP: 109/128 MP: 15/15
 12828 | Lair:4   | Slain by a cane toad

Illustrated notes

Levels and vault maps discovered:
D:1:      dpeg_arrival_leaves_temple_mockup, layout_basic,
          chequers_ecumenical_altar_simple_redux, minmay_unequal
D:2:      layout_loops_cross, basic_altar, uniq_jessica
D:3:      layout_basic, nicolae_qazlal_style_of_elements,
          mainiacjoe_overflow_surrounded_room
D:4:      layout_rooms, mainiacjoe_overflow_catch_the_wave,
          nicolae_uskayaw_en_pointe
D:5:      layout_loops_ring, grunt_ashenzari_visionary
          [grunt_ashenzari_visionary_swamp, grunt_ashenzari_visionary_snake],
          nicolae_overflow_crystal_walls, kennysheep_generic_room_15
D:6:      layout_basic, uniq_crazy_yiuf_cottage
D:7:      layout_cave_pods, nicolae_elyvilon_peaceful_grove,
          minmay_temple_entry_statues_pillars
D:8:      kennysheep_housing_project, layout_cave_pools,
          minmay_misc_feat_nine_boxes, st_stairs_11, serial_bayou_ford_a,
          uniq_maggie, uniq_erica
D:9:      layout_long_grid, david_orc_5, serial_shops,
          nicolae_shop_hallway_plus, uniq_amaemon
D:10:     layout_stronghold, grunt_temple_overflow_champion_of_chaos,
          hellmonk_lair_entry_icy, chequers_garden, nrook_loot_triangle,
          eino_tiny_chamber
D:11:     layout_roguey, uniq_grum, uniq_fannar
Lair:1:   layout_long_grid
Lair:2:   layout_loops_ring, minmay_swamp_entry_eels, dummy_snake_entry
Lair:3:   layout_roguey [special_room_mythical_zoo], basic_altar, st_stairs_5,
          grunt_megastairs_2
Lair:4:   kb_forest_paths, layout_misc_corridors, lemuel_fruit_fields,
          infiniplex_staircase_pool

Skill      XL: |  1  2  3  4  5  6  7  8  9 10 11 12 |
---------------+-------------------------------------+-----
Unarmed Combat | 1 2 3 4 5 6 8 10 11 12 13 | 13.8
Fighting       | 3 4 5 6 7 8 |  8.7
Dodging        | 1 2 3 5 |  5.2
Fire Magic     | 3 4 |  4.0
Shields        | 2 4 5 |  5.9
Armour         | 2 4 5 |  5.4
Spellcasting   | 2 |  2.0
Throwing       | 2 4 |  4.7
Transmutations | 1 3 |  3.4
Long Blades    | |  2.4

Action                     |  1- 3 |  4- 6 |  7- 9 | 10-12 | 13-15 || total
---------------------------+-------+-------+-------+-------+-------++-------
  Melee: Falchion          |    34 |       |       |       |       ||    34
         Unarmed           |    20 |     6 |   215 |   673 |    19 ||   933
         Whip              |    41 |   122 |    72 |       |       ||   235
         Punch             |     1 |     1 |    10 |       |       ||    12
         Scimitar          |       |       |       |     1 |       ||     1
  Throw: Dart              |       |       |       |    11 |       ||    11
         Large rock        |       |       |       |     4 |       ||     4
         Boomerang         |       |       |       |     1 |       ||     1
   Cast: Scorch            |       |     1 |     1 |     5 |       ||     7
         Wereblood         |       |       |       |     2 |       ||     2
 Invoke: Fiery Armour      |       |       |     2 |     6 |       ||     8
         Foxfire Swarm     |       |       |     1 |     1 |       ||     2
  Evoke: Wand              |       |       |       |    15 |       ||    15
    Use: Scroll            |       |       |     4 |     7 |       ||    11
   Stab: Petrified         |       |       |       |       |     2 ||     2
 Armour: Robe              |    27 |    35 |    33 |       |       ||    95
         Steam dragon scal |       |       |    82 |     3 |       ||    85
         Acid dragon scale |       |       |       |   336 |    11 ||   347
  Dodge: Dodged            |    52 |    59 |   159 |   261 |     4 ||   535
  Block: Kite shield       |       |       |       |   272 |     9 ||   281

Table legend: (Time is in decaauts)
 A = Elapsed time spent in this place.
 B = Non-inter-level travel time spent in this place.
 C = Inter-level travel time spent in this place.
 D = Time resting spent in this place.
 E = Time spent auto-exploring this place.
 F = Levels seen in this place.
 G = Mean time per level.
                   A        B        C        D        E       F      G
               +--------+--------+--------+--------+--------+-----+--------+
         Total |  12778 |  12206 |    572 |   1205 |   8092 |  15 |  851.9 |
       Dungeon |   9209 |   8753 |    456 |    692 |   6115 |  11 |  837.2 |
          Lair |   3569 |   3453 |    116 |    513 |   1977 |   4 |  892.2 |
               +--------+--------+--------+--------+--------+-----+--------+

Top non-repeatable levels by time:
  Lair:2: 1302 daAuts
    D:10: 1261 daAuts
     D:8: 1227 daAuts
  Lair:3: 1221 daAuts
     D:7: 1111 daAuts
     D:6: 1074 daAuts
     D:3: 1030 daAuts
     D:5: 997 daAuts
  Lair:1: 974 daAuts
     D:1: 842 daAuts
     D:2: 624 daAuts
     D:4: 526 daAuts
     D:9: 457 daAuts
  Lair:4: 71 daAuts
    D:11: 57 daAuts
